 Dungeon Crawl Stone Soup version 0.32-a0-834-geaf45d8e21 (webtiles) character file.

Game seed: 14977030010291919470

4 AstroCodex24 the Shield-Bearer (level 1, -2/17 HPs)
             Began as a Vampire Fighter on Mar 26, 2024.
             Slain by a cerulean imp
             ... wielding a +2 spear
             ... summoned by Natasha
              (4 damage)
             ... on level 2 of the Dungeon.
             The game lasted 00:00:34 (150 turns).

AstroCodex24 the Shield-Bearer (Vampire Fighter)     Turns: 150, Time: 00:00:35

Health: -2/17      AC:  6    Str: 15    XL:     1   Next: 58%
Magic:  1/1        EV:  7    Int: 10    God:
Gold:   0          SH:  4    Dex: 13    Spells: 0/0 levels left

rFire   . . .        a - +0 war axe
rCold   . . .        c - +0 buckler
rNeg    . . .        b - +0 scale mail
rPois   .            (no helmet)
rElec   .            (no cloak)
rCorr   .            (no gloves)
SInv    +            (no boots)
Will    .....        (no amulet) Stlth
                     (no ring)
HPRegen 0.42/turn    (no ring)
MPRegen 0.07/turn

%: no passive effects
@: healing quickly, slowed, very slow
A: alive, fangs 3, see invisible, vampiric 1
a: Exsanguinate


You were on level 2 of the Dungeon.
You visited 1 branch of the dungeon, and saw 2 of its levels.

Inventory:

Hand Weapons
 a - a +0 war axe (weapon)
Armour
 b - a +0 scale mail (worn)
 c - a +0 buckler (worn)
Potions
 d - a potion of might
 e - a potion of haste {unknown}


   Skills:
 + Level 2.8 Fighting
 + Level 1.7 Axes
 + Level 2.5 Armour
 + Level 2.8 Shields


You couldn't memorise any spells.
You didn't know any spells.
Your spell library was empty.

Dungeon Overview and Level Annotations

Branches:
Dungeon (2/15)

Altars:

Annotations:
D:2 Natasha


Innate Abilities, Weirdness & Mutations

Your natural rate of healing is accelerated.
You have razor-sharp teeth.
You have supernaturally acute eyesight. (SInv)
You are afflicted with vampirism.


Message History

Found 3 stones.
You see here 3 stones.
A rat comes into view.
The rat squeaks loudly.
Found a scroll labelled UHOFOCV PUXKEW.
Natasha, Servant of Life and Death comes into view.
The rat bites you.
Natasha moves out of view.
You completely miss the rat. You block the rat's attack.
You slash the rat!
You kill the rat!
Natasha casts a spell at you. The magic dart hits you.
You see here a rat corpse.
You closely miss Natasha. Natasha closely misses you. Natasha claws you!
You closely miss Natasha. You block Natasha's attack.
You barely miss Natasha. Natasha claws you.
* * * LOW HITPOINT WARNING * * *
You miss Natasha.
Natasha mumbles some strange words.
Natasha stares at you and mumbles some strange words.
You feel yourself slow down.
You barely miss Natasha. You closely miss the cerulean imp.
Natasha closely misses you.
The cerulean imp hits you but does no damage.
Natasha casts a spell at you. You resist with significant effort.
The cerulean imp hits you but does no damage.
You closely miss Natasha. You closely miss the cerulean imp.
Natasha claws you but does no damage.
The cerulean imp hits you with a +2 spear.
Natasha stares at you and mumbles some strange words.
The magic dart hits you.
* * * LOW HITPOINT WARNING * * *
You block the cerulean imp's attack.
You slash Natasha!
Natasha is severely wounded.
You barely miss the cerulean imp. Natasha claws you.
* * * LOW HITPOINT WARNING * * *
The cerulean imp hits you with a +2 spear.
You die...

.#.#....## #....
#.#.#.#.#.#....# ###....
.#.#.#.#.#.#.... ......#
#.#.#.#.#.#.#...
?....#.#.#.#.#.#.#.#.#..
......#.#.#.#.#.#.#.#...
.......#.#.#.#.#.#.#....
.......h#.#.#.#.#.#....#
#..@.#.#.#.#.#....##
#.5...#.#.#.#....##
#......#.#.#....##
###.......#.#....##
.............#...(##
........##.......##
........###......#
........# ###....#
######### #....#


You could see Natasha and a cerulean imp (summoned).

Vanquished Creatures
  A ball python (D:1)
  A bat (D:1)
  A kobold (D:1)
  A rat (D:2)
4 creatures vanquished.

Notes
Turn   | Place    | Note
-------+----------+-------------------------------------------
     0 | D:1      | AstroCodex24 the Vampire Fighter began the quest for the
                  | Orb.
     0 | D:1      | Reached XP level 1. HP: 17/17 MP: 1/1
   140 | D:2      | Noticed Natasha
   148 | D:2      | Noticed a cerulean imp
   150 | D:2      | Slain by a cerulean imp

Illustrated notes

Levels and vault maps discovered:
D:1:      heliophobic_arrival_ceremonial_halls, layout_basic,
          chequers_ecumenical_altar_simple, serial_bayou_lake_a
D:2:      layout_basic, dk_noncrumbling_4, nicolae_the_louvre, uniq_natasha

Action                     || total
---------------------------++-------
  Melee: War axe           ||    39
         Bite              ||     2
 Armour: Scale mail        ||    54
  Dodge: Dodged            ||    13
  Block: Buckler           ||     7

Table legend: (Time is in decaauts)
 A = Elapsed time spent in this place.
 B = Non-inter-level travel time spent in this place.
 C = Inter-level travel time spent in this place.
 D = Time resting spent in this place.
 E = Time spent auto-exploring this place.
 F = Levels seen in this place.
 G = Mean time per level.
                   A        B        C        D        E       F      G
               +--------+--------+--------+--------+--------+-----+--------+
         Total |    186 |    186 |      0 |      0 |      0 |   2 |   93.0 |
       Dungeon |    186 |    186 |      0 |      0 |      0 |   2 |   93.0 |
               +--------+--------+--------+--------+--------+-----+--------+

Top non-repeatable levels by time:
     D:1: 139 daAuts
     D:2: 46 daAuts
